 Dungeon Crawl Stone Soup version 0.28.0-53-g5a82cb258f (webtiles) character file.

Game seed: 8625288826025931875

50 pisher the Chucker (level 3, 0/30 HPs)
             Began as a Minotaur Hunter on Aug 4, 2022.
             Slain by a gnoll
             ... wielding a +0 spear
              (1 damage)
             ... on level 3 of the Dungeon.
             The game lasted 00:20:07 (1324 turns).

pisher the Chucker (Minotaur Hunter)                Turns: 1324, Time: 00:20:10

Health: 0/30       AC:  3    Str: 16    XL:     3   Next: 55%
Magic:  2/2        EV: 12    Int:  8    God:
Gold:   47         SH:  0    Dex: 12    Spells: 2/2 levels left

rFire   . . .      SeeInvis +   u - +0 falchion
rCold   . . .      Faith    .   (no shield)
rNeg    . . .      Spirit   .   b - +0 leather armour
rPois   .          Reflect  .   (helmet restricted)
rElec   .          Harm     .   (no cloak)
rCorr   .          Rampage  .   (no gloves)
Will    .....                   (no boots)
Stlth   +.........              (no amulet)
HPRegen 0.10/turn               o - ring of see invisible
MPRegen 0.08/turn               (no ring)

@: no status effects
A: horns 2, retaliatory headbutt
a: no special abilities


You were on level 3 of the Dungeon.
You visited 1 branch of the dungeon, and saw 3 of its levels.

You collected 47 gold pieces.

Inventory:

Hand Weapons
 a - a +0 short sword
 e - a +0 dagger
 f - a +0 short sword
 h - a +0 club
 j - a +0 club
 k - a +0 dagger
 m - a +0 dagger
 p - a +0 dagger
 s - a +0 dagger
 u - a +0 falchion (weapon)
 v - a +0 spear
 w - a +0 whip
Missiles
 d - a throwing net
 i - 27 stones (quivered)
Armour
 b - a +0 leather armour (worn)
 q - a +0 helmet
Jewellery
 o - a ring of see invisible (left hand)
 t - a ring of poison resistance
Scrolls
 l - a scroll of fog {unknown}
 n - a scroll of summoning {unknown}
Potions
 g - a potion of degeneration
 r - 2 potions of heal wounds {unknown}


   Skills:
 + Level 2.5 Fighting
 + Level 0.1 Short Blades
 + Level 5.1 Throwing
 + Level 0.2 Armour
 + Level 2.4 Dodging
 + Level 0.7 Stealth


You had 2 spell levels left.
You didn't know any spells.
Your spell library was empty.

Dungeon Overview and Level Annotations

Branches:
Dungeon (3/15)

Altars:


Innate Abilities, Weirdness & Mutations

You have a pair of horns on your head.
You reflexively headbutt those who attack you in melee.


Message History

Aim: a gnoll sergeant, wielding a +0 trident and wearing a +0 ring mail (heavily wounded, 68% to hit)
You throw a throwing net.
The throwing net hits the gnoll sergeant.
The gnoll sergeant is caught in the net!
The gnoll sergeant is heavily wounded.
The gnoll barely misses you.
The gnoll sergeant struggles against the net.
Throw: 31 stones
Press: ? - help, Q - select action, (/) - cycle Shift-Dir - straight line, f/p - gnoll sergeant
Aim: a gnoll sergeant, wielding a +0 trident and wearing a +0 ring mail (heavily wounded, entangled in a net, 93% to hit)
You throw a stone.
The stone hits the gnoll sergeant but does no damage.
The gnoll sergeant is heavily wounded.
The gnoll hits you from afar with a +0 spear.
* * * LOW HITPOINT WARNING * * *
The gnoll sergeant struggles against the net.
The gnoll sergeant struggles against the net.
The gnoll hits you from afar with a +0 spear.
* * * LOW HITPOINT WARNING * * *
The gnoll sergeant struggles against the net.
Throw: 30 stones
Press: ? - help, Q - select action, (/) - cycle Shift-Dir - straight line, f - gnoll
Aim: a gnoll, wielding a +0 spear (severely wounded, 64% to hit)
You throw a stone. The stone hits the gnoll.
The gnoll is severely wounded.
The gnoll hits you but does no damage.
Throw: 29 stones
Press: ? - help, Q - select action, (/) - cycle Shift-Dir - straight line, f/p - gnoll
Aim: a gnoll, wielding a +0 spear (severely wounded, 64% to hit)
You throw a stone. The stone hits the gnoll.
The gnoll is almost dead.
The gnoll hits you from afar with a +0 spear.
* * * LOW HITPOINT WARNING * * *
Throw: 28 stones
Press: ? - help, Q - select action, (/) - cycle Shift-Dir - straight line, f/p - gnoll
Aim: a gnoll, wielding a +0 spear (severely wounded, 64% to hit)
You throw a stone. The stone barely misses the gnoll.
The stone hits the gnoll.
The gnoll is moderately wounded.
The gnoll hits you from afar with a +0 spear.
You die...

######........######.######'##
.....................##......####
.....................##..........
....................###......####
######..............+.'......'...
###'###'#......###......#### #.#
#.#........'.....<'# #.#
#.#.########......## #.#
#†#..@.gg# ######## #.#
#†######g# #.# #........# #.#
#######gg# #.)# #..# #..# #..#
..(#


You could see a gnoll sergeant and 2 gnolls.

Vanquished Creatures
  A gnoll (D:3)
  An adder (D:2)
  An ufetubus (D:3)
  2 dart slugs
  A ball python (D:2)
  An endoplasm (D:2)
  5 goblins
  A hobgoblin (D:3)
  A quokka (D:2)
  3 bats
  5 kobolds
  A rat (D:1)
23 creatures vanquished.

Notes
Turn   | Place    | Note
-------+----------+-------------------------------------------
     0 | D:1      | pisher the Minotaur Hunter began the quest for the Orb.
     0 | D:1      | Reached XP level 1. HP: 18/18 MP: 0/0
   259 | D:1      | Reached XP level 2. HP: 25/25 MP: 1/1
   786 | D:2      | Reached XP level 3. HP: 30/30 MP: 2/2
  1273 | D:3      | Reached skill level 5 in Throwing
  1310 | D:3      | Noticed a gnoll sergeant
  1323 | D:3      | HP: 1/30 [gnoll/+0 spear (6)]
  1324 | D:3      | Slain by a gnoll

Illustrated notes

Levels and vault maps discovered:
D:1:      psy_arrival_radial01, layout_basic
D:2:      layout_loops_ring, kennysheep_flooded_box, grunt_ministairs_8,
          uniq_terence
D:3:      layout_basic, mainiacjoe_overflow_six_doors_small

Skill      XL: |  1  2  3 |
---------------+----------+-----
Throwing       | 5 |  5.1
Fighting       | |  2.5
Short Blades   | |  0.1
Armour         | |  0.2
Dodging        | |  2.4
Stealth        | |  0.7

Action                   || total
-------------------------++-------
Melee: Short sword       ||     5
       Falchion          ||     4
Throw: Javelin           ||    37
       Stone             ||     4
       Throwing net      ||     1
  Use: Scroll            ||     2
Armor: Leather armour    ||    18
Dodge: Dodged            ||    26
